 Dungeon Crawl Stone Soup version 0.16-a0-1212-geefc3ab (webtiles) character file.

77 Hullio the Slasher (level 4, -2/33 HPs)
             Began as a Demonspawn Gladiator on Oct 11, 2014.
             Killed from afar by an orc wizard (8 damage)
             ... with a magic dart
             ... on level 3 of the Dungeon on Oct 12, 2014.
             The game lasted 00:06:09 (1944 turns).

Hullio the Slasher (Demonspawn Gladiator)           Turns: 1944, Time: 00:06:09

Health: -2/33      AC:  4    Str: 15    XL:     4   Next: 13%
Magic:  4/4        EV: 12    Int: 10    God:
Gold:   77         SH:  0    Dex: 14    Spells: 0 memorised, 3 levels left

rFire  . . .     SeeInvis .     a - +0 long sword
rCold  . . .     Clarity  .     b - +0 leather armour
rNeg   . . .     SustAb   .     (no shield)
rPois  .         Gourm    .     c - +0 helmet
rElec  .         Spirit   .     (no cloak)
rCorr  .         Warding  .     (no gloves)
rMut   .         Stasis   .     (no boots)
MR     .....                    (no amulet)
Stlth  +.........               (no ring)
                                (no ring)

@: not resistant to hostile enchantments, very unstealthy
A: claws 1, demonic guardian 1
a: no special abilities


You were on level 3 of the Dungeon.
You were not hungry.

You visited 1 branch of the dungeon, and saw 3 of its levels.

You collected 77 gold pieces.

Inventory:

Hand weapons
 a - a +0 long sword (weapon)
Missiles
 d - 3 throwing nets (quivered)
Armour
 b - a +0 leather armour (worn)
 c - a +0 helmet (worn)
Comestibles
 f - 2 bread rations
 o - 2 chunks of worm flesh
Scrolls
 e - a scroll of noise {unknown}
 i - 3 scrolls of remove curse {unknown}
 k - a scroll of amnesia {unknown}
 m - a scroll of teleportation {unknown}
 n - a scroll of magic mapping {unknown}
Potions
 h - a potion of invisibility {unknown}
 j - a potion of might {unknown}
 l - 2 potions of confusion {unknown}


   Skills:
 - Level 2.0 Fighting
 + Level 4.5 Long Blades
 - Level 1.7 Throwing
 - Level 2.6 Dodging


You had 3 spell levels left.
You didn't know any spells.

Dungeon Overview and Level Annotations

Branches:
Dungeon (3/15)

Altars:
Ashenzari
Dithmenos
Ru
Xom

Annotations:
D:3 Raxtorm's ghost, average MiFi


Innate Abilities, Weirdness & Mutations

You have sharp fingernails.
A weak demonic guardian rushes to your aid.


Message History

You miss the quasit.
The quasit is almost dead.
The quasit closely misses you. The quasit claws you.
The quasit closely misses you.
You hear some strange, mumbled words.
The magic dart hits you!
* * * LOW HITPOINT WARNING * * *
The quasit disappears in a puff of smoke!
Drink which item? (? for menu, Esc to quit)
It has a very clean taste.
It was a potion of cure mutation.
You feel less confused. Something completely misses you.
You barely miss something. Something hits you.
* * * LOW HITPOINT WARNING * * *
You slash something! Something hits you.
* * * LOW HITPOINT WARNING * * *
You closely miss something.
You hear some strange, mumbled words.
The magic dart hits you!
You die...

## ..
###.###########.
.##....<.@#........
#..........{)###
###.......[..)###.#
..................#
######.######.###.#
......r..)#
##...####..# #..
#... #.. ...#


There were no monsters in sight!

Vanquished Creatures
  An adder (D:2)
  A shadow imp (D:2)
  2 worms
  A giant gecko (D:2)
  2 orcs (D:3)
  4 bats
  6 hobgoblins
  9 jackals
  A quokka (D:2)
  2 ball pythons
  4 goblins
  3 kobolds
  5 rats
41 creatures vanquished.

Vanquished Creatures (collateral kills)
  An orc (D:3)
1 creature vanquished.

Grand Total: 42 creatures vanquished

Notes
Turn   | Place    | Note
--------------------------------------------------------------
     0 | D:1      | Hullio, the Demonspawn Gladiator, began the quest for the Orb.
     0 | D:1      | Reached XP level 1. HP: 16/16 MP: 1/1
   105 | D:1      | Reached skill level 3 in Long Blades
   207 | D:1      | Gained mutation: A weak demonic guardian rushes to your aid. [demonic ancestry]
   207 | D:1      | Reached XP level 2. HP: 19/22 MP: 2/2
   881 | D:2      | Reached XP level 3. HP: 13/27 MP: 3/3
  1065 | D:2      | Found a sacrificial altar of Ru.
  1068 | D:2      | Found a shadowy altar of Dithmenos.
  1071 | D:2      | Found a shattered altar of Ashenzari.
  1156 | D:2      | Reached skill level 4 in Long Blades
  1341 | D:2      | Found a shimmering altar of Xom.
  1536 | D:3      | Noticed Raxtorm's ghost (average MiFi)
  1807 | D:3      | Gained mutation: You have sharp fingernails. [demonic ancestry]
  1807 | D:3      | Reached XP level 4. HP: 22/33 MP: 4/4
  1944 | D:3      | Killed from afar by an orc wizard

Action                   |  1- 3 |  4- 6 || total
-------------------------+-------+-------++-------
Melee: Long sword        |   124 |    12 ||   136
Throw: Throwing net      |     1 |       ||     1
  Use: Potion            |     2 |     1 ||     3
  Eat: Bread ration      |     1 |       ||     1
       Chunk             |     1 |       ||     1
